 Dungeon Crawl Stone Soup version 0.31-a0-564-g3b7de120b3 (webtiles) character file.

Game seed: 7067089411655541173

2701 javelincjr the Trooper (level 9, 0/64 HPs)
             Began as a Demonspawn Fighter on Aug 17, 2023.
             Was a Follower of Hepliaklqana.
             Slain by an ogre
             ... wielding a +0 halberd
              (13 damage)
             ... in a bailey.
             The game lasted 00:19:25 (6694 turns).

javelincjr the Trooper (Demonspawn Fighter)         Turns: 6694, Time: 00:19:25

Health: 0/64       AC: 15    Str: 20    XL:     9   Next: 38%
Magic:  9/9        EV:  5    Int: 10    God:    Hepliaklqana [*.....]
Gold:   284        SH: 10    Dex: 13    Spells: 8/8 levels left

rFire   + . .        A - +2 spear (flame)
rCold   + . .        E - +0 kite shield {rC+ rF+}
rNeg    + . .        x - +0 plate armour
rPois   .            (helmet restricted)
rElec   .            w - scarf {shadows}
rCorr   .            n - +0 pair of gloves
SInv    +            h - +0 pair of boots
Will    .....        (no amulet) Stlth
                     l - ring of positive energy
HPRegen 0.30/turn    y - ring of see invisible
MPRegen 0.11/turn

%: no passive effects
@: no status effects
A: reduced essence, horns 2, powered by death 1
a: Renounce Religion, Recall Ancestor, Ancestor Identity


You were in a bailey.
You worshipped Hepliaklqana.
Hepliaklqana was aware of your devotion.
You visited 1 branch of the dungeon, and saw 7 of its levels.
You also visited: Bailey.

You collected 284 gold pieces.

Inventory:

Hand Weapons
 a - a +0 trident
 A - a +2 spear of flaming (weapon)
Missiles
 k - 10 poisoned darts (quivered)
 C - 2 boomerangs
 G - a throwing net
Armour
 b - a +0 scale mail
 c - a +0 buckler
 h - a +0 pair of boots (worn)
 i - a +0 chain mail
 n - a +0 pair of gloves (worn)
 w - a scarf of shadows (worn)
 x - a +0 plate armour (worn)
 E - a +0 kite shield of resistance (worn)
Jewellery
 d - a ring of ice
 l - a ring of positive energy (left hand)
 y - a ring of see invisible (right hand)
 H - a ring of protection from fire
 I - a +6 ring of dexterity
Wands
 u - a wand of paralysis (4)
 L - a wand of digging (4)
Scrolls
 e - 2 scrolls of teleportation
 f - a scroll of fog
 j - a scroll of identify {unknown}
 m - a scroll of revelation {unknown}
 o - a scroll of vulnerability {unknown}
 p - 2 scrolls of poison {unknown}
 q - a scroll of noise {unknown}
 r - a scroll of immolation {unknown}
 t - a scroll of amnesia {unknown}
 B - a scroll of blinking {unknown}
Potions
 g - a potion of heal wounds {unknown}
 s - a potion of curing
 v - a potion of magic {unknown}
 z - a potion of cancellation {unknown}
 D - a potion of mutation {unknown}
 F - a potion of ambrosia {unknown}
 J - a potion of invisibility {unknown}
 K - a potion of attraction {unknown}


   Skills:
 + Level 7.1 Fighting
 + Level 6.1 Polearms
 + Level 6.4 Armour
 + Level 6.5 Shields


You had 8 spell levels left.
You didn't know any spells.
Your spell library contained the following spells:

 Spells                   Type           Power      Damage    Failure   Level
 Lesser Beckoning         Tloc           0%         N/A       100%        2
 Gell's Gravitas          Tloc           0%         N/A       100%        3
 Hailstorm                Conj/Ice       0%         3d3       100%        3
 Teleport Other           Tloc           0%         N/A       100%        3
 Summon Ice Beast         Ice/Summ       0%         N/A       100%        4
 Simulacrum               Ice/Necr       0%         N/A       100%        6


Dungeon Overview and Level Annotations

Branches:
Dungeon (7/15)             Bailey (1/1)
 Temple: D:4-7

Altars:
Fedhas
Gozag
Hepliaklqana
Qazlal
Sif Muna
Trog
Uskayaw
Wu Jian

Annotations:
D:6 Jeremiah


Innate Abilities, Weirdness & Mutations

Your life essence is reduced to manifest your ancestor. (-10% HP)
You have a pair of horns on your head.
You regenerate a little health from kills.


Message History

You reach to attack!
You hit the ogre. You burn the ogre.
The ogre is almost dead.
The ogre barely misses you.
You reach to attack!
You puncture the ogre! You burn the ogre.
You kill the ogre!
You hear a splash.
The spriggan splashes around in the water.
You reach to attack!
You closely miss the spriggan.
The spriggan splashes around in the water.
The ogre hits you from afar with a +0 halberd!
You reach to attack!
You miss the spriggan.
The spriggan hits you from afar with a +0 spear.
You reach to attack!
You hit the spriggan. You burn the spriggan.
The spriggan is lightly wounded.
The spriggan splashes around in the water.
The ogre hits you from afar with a +0 halberd!
You block the ogre's attack. The spriggan hits you with a +0 spear!
* * * LOW HITPOINT WARNING * * *
You barely miss the spriggan.
The spriggan is lightly wounded.
The ogre hits you from afar with a +0 halberd!
* * * LOW HITPOINT WARNING * * *
The spriggan barely misses you.
The spriggan splashes around in the water.
There is a gate leading back out of this place here.
You block the ogre's attack.
The spriggan hits you but does no damage.
You barely miss the spriggan. Your headbutt misses the spriggan.
The spriggan is lightly wounded.
You block the spriggan's attack.
The ogre hits you from afar with a +0 halberd.
* * * LOW HITPOINT WARNING * * *
It was a potion of curing.
You feel better. You block the spriggan's attack.
The ogre hits you with a +0 halberd.
* * * LOW HITPOINT WARNING * * *
You block the spriggan's attack.
You hit the ogre. You burn the ogre. Your headbutt misses the ogre.
The ogre is lightly wounded.
You block the spriggan's attack. The ogre hits you with a +0 halberd!
You die...

### ##.## .#
##...## ..#
#.....#
#..###.....##
♣..~~~..∩...#
#..~~~......#
#..~~~......#
#..~~O@.....#
#..~)~i.∩...#
#(.###.....##
#..# #.....#
♣..# ##...##
♣..# ##.##
..# ### .#


You could see an ogre and a spriggan.

Vanquished Creatures
  Prince Ribbit (D:5)
  Eustachio (D:5)
  Duvessa (D:5)
  2 black bears
  2 ice beasts (D:6)
  2 ogres (Bailey)
  2 centaurs
  2 phantoms (D:5)
  A gnoll sergeant (D:6)
  3 scorpions
  A water moccasin zombie (D:6)
  Dowan (D:5)
  2 hounds
  A jelly (D:4)
  2 orc priests
  2 gnoll boudas
  A sleepcap (D:6)
  Jessica (D:2)
  Terence (D:3)
  6 iguanas
  Natasha (thrice) (D:2)
  2 orc wizards
  Ijyb (D:3)
  17 gnolls
  9 adders
  A white imp (D:5)
  An ufetubus (D:6)
  3 worms
  3 dart slugs
  16 orcs
  15 endoplasms
  4 giant cockroaches
  4 goblins
  8 hobgoblins
  3 jackals (D:3)
  5 quokkas
  4 ball pythons
  4 bats
  A frilled lizard (D:2)
  5 kobolds
  6 rats
150 creatures vanquished.

Vanquished Creatures (collateral kills)
  A wyvern skeleton (D:6)
  An orc priest (D:7)
  A killer bee zombie (D:6)
3 creatures vanquished.

Vanquished Creatures (others)
  An ancestor (Bailey)
1 creature vanquished.

Grand Total: 154 creatures vanquished

Notes
Turn   | Place    | Note
-------+----------+-------------------------------------------
     0 | D:1      | javelincjr the Demonspawn Fighter began the quest for the
                  | Orb.
     0 | D:1      | Reached XP level 1. HP: 18/18 MP: 1/1
   196 | D:1      | Gained mutation: You regenerate a little health from kills.
                  | [demonic ancestry]
   196 | D:1      | Reached XP level 2. HP: 16/24 MP: 2/2
   849 | D:2      | Reached XP level 3. HP: 29/29 MP: 3/3
  1128 | D:2      | Noticed Natasha
  1136 | D:2      | Killed Natasha
  1137 | D:2      | Discovered your monstrous ancestry.
  1137 | D:2      | Gained mutation: You have a pair of small horns on your
                  | head. [demonic ancestry]
  1137 | D:2      | Reached XP level 4. HP: 32/35 MP: 4/4
  1180 | D:2      | Noticed Natasha
  1190 | D:2      | Killed Natasha
  1273 | D:2      | Noticed Jessica
  1278 | D:2      | Killed Jessica
  1305 | D:2      | Noticed Natasha
  1311 | D:2      | Killed Natasha
  1312 | D:2      | Reached XP level 5. HP: 39/42 MP: 5/5
  1447 | D:2      | Found a faded altar of an unknown god.
  1775 | D:3      | Reached skill level 4 in Fighting
  1950 | D:3      | Noticed Ijyb
  1966 | D:3      | Killed Ijyb
  2353 | D:3      | Found an opulent altar of Gozag.
  2355 | D:3      | Noticed Terence
  2374 | D:3      | Killed Terence
  2561 | D:3      | Gained mutation: You have a pair of horns on your head.
                  | [demonic ancestry]
  2561 | D:3      | Reached XP level 6. HP: 48/48 MP: 6/6
  3004 | D:4      | Found a bloodstained altar of Trog.
  3109 | D:4      | Found a hazy altar of Hepliaklqana.
  3475 | D:4      | Reached XP level 7. HP: 45/55 MP: 7/7
  3934 | D:5      | Entered Level 5 of the Dungeon
  4062 | D:5      | Found a stormy altar of Qazlal.
  4062 | D:5      | Noticed Eustachio
  4071 | D:5      | Reached skill level 5 in Fighting
  4107 | D:5      | Killed Eustachio
  4409 | D:5      | Found a blossoming altar of Fedhas.
  4454 | D:5      | Noticed Dowan
  4455 | D:5      | Noticed Duvessa
  4480 | D:5      | Killed Duvessa
  4481 | D:5      | Reached skill level 5 in Armour
  4481 | D:5      | Reached skill level 5 in Shields
  4481 | D:5      | Reached XP level 8. HP: 37/63 MP: 8/8
  4482 | D:5      | Killed Dowan
  4525 | D:5      | Found a hide-covered altar of Uskayaw.
  4907 | D:5      | Noticed Prince Ribbit
  4945 | D:5      | Found a shimmering blue altar of Sif Muna.
  5020 | D:5      | Killed Prince Ribbit
  5021 | D:5      | Reached skill level 6 in Fighting
  5021 | D:5      | Reached skill level 5 in Polearms
  5127 | D:4      | Became a worshipper of Hepliaklqana the Forgotten
  5495 | D:6      | Found an ornate altar of the Wu Jian Council.
  5761 | D:6      | Reached XP level 9. HP: 71/71 MP: 9/9
  6004 | D:6      | Noticed Jeremiah
  6437 | D:6      | Reached * piety under Hepliaklqana
  6575 | D:7      | Reached skill level 7 in Fighting
  6641 | D:7      | Found a flagged portal.
  6650 | Bailey   | Entered a bailey
  6694 | Bailey   | Slain by an ogre

Illustrated notes

Levels and vault maps discovered:
D:1:      evilmike_arrival_plus, layout_basic, chequers_garden
D:2:      layout_basic, basic_altar, shapermc_ecumenical_altar_mp_highgroup,
          hangedman_decor_clover_reticule, patterned_corridor, uniq_jessica,
          uniq_natasha
D:3:      layout_basic, grunt_gozag_statues, minmay_misc_feat_diagonals,
          uniq_ijyb, uniq_terence
D:4:      layout_cave_pods, lightli_temple_of_fire,
          mainiacjoe_overflow_big_doors
D:5:      layout_cave_pools, fedhas_bush_and_centaur_altar,
          kennysheep_little_box, mainiacjoe_overflow_six_doors_small,
          eat_drink_and_be_merry_uskayaw, uniq_eustachio, uniq_duvessa,
          uniq_prince_ribbit1
D:6:      layout_loops_corners, lemuel_tele_altar, serial_undead,
          serial_undead_c, serial_undead_c, serial_undead_e, serial_undead_e,
          uniq_jeremiah
D:7:      layout_gridville, okawaru_metal_pillars_3,
          nemelex_xobeh_ov_fountains_minmay, temple_fountains, enter_bailey_2,
          nicolae_benzene_ring
Bailey:   bailey_polearm_enchanted_keep_hellmonk, bailey

Skill      XL: |  1  2  3  4  5  6  7  8  9 |
---------------+----------------------------+-----
Polearms       | 2 3 4 5 6 |  6.1
Armour         | 3 4 5 6 |  6.4
Shields        | 3 4 5 6 |  6.5
Fighting       | 4 5 6 7 |  7.1

Action                     |  1- 3 |  4- 6 |  7- 9 || total
---------------------------+-------+-------+-------++-------
  Melee: Trident           |    98 |   181 |       ||   279
         Headbutt          |       |    39 |    60 ||    99
         Spear             |       |    53 |   363 ||   416
  Throw: Dart              |       |     8 |    13 ||    21
    Use: Scroll            |       |     2 |       ||     2
         Potion            |       |       |     2 ||     2
 Armour: Chain mail        |    45 |    69 |       ||   114
         Plate armour      |       |    63 |   192 ||   255
  Dodge: Dodged            |    24 |    63 |    54 ||   141
  Block: Buckler           |     5 |    51 |    28 ||    84
         Kite shield       |       |       |   111 ||   111

Table legend: (Time is in decaauts)
 A = Elapsed time spent in this place.
 B = Non-inter-level travel time spent in this place.
 C = Inter-level travel time spent in this place.
 D = Time resting spent in this place.
 E = Time spent auto-exploring this place.
 F = Levels seen in this place.
 G = Mean time per level.
                   A        B        C        D        E       F      G
               +--------+--------+--------+--------+--------+-----+--------+
         Total |   6747 |   6540 |    207 |    300 |   4783 |   8 |  843.4 |
       Dungeon |   6701 |   6494 |    207 |    300 |   4783 |   7 |  957.3 |
        Bailey |     46 |     46 |      0 |      0 |      0 |   1 |   46.0 |
               +--------+--------+--------+--------+--------+-----+--------+

Top non-repeatable levels by time:
     D:5: 1369 daAuts
     D:3: 1251 daAuts
     D:6: 1166 daAuts
     D:4: 1038 daAuts
     D:2: 964 daAuts
     D:1: 800 daAuts
     D:7: 109 daAuts
  Bailey: 46 daAuts
